 Dungeon Crawl Stone Soup version 0.21.0-25-ge575cb9 (webtiles) character file.

25 Mgcat the Ruffian (level 2, -5/23 HPs)
             Began as a Draconian Transmuter on Jan 23, 2018.
             Slain by an orc warrior
             ... wielding a +0 glaive
              (13 damage)
             ... on level 2 of the Dungeon.
             The game lasted 00:01:44 (1061 turns).

Mgcat the Ruffian (Draconian Transmuter)            Turns: 1061, Time: 00:01:45

Health: -5/23      AC:  4    Str: 12    XL:     2   Next: 86%
Magic:  5/5        EV: 12    Int: 13    God:
Gold:   54         SH:  0    Dex: 11    Spells: 4/5 levels left

rFire    . . .     SeeInvis .   h - +0 short sword (venom)
rCold    . . .     Gourm    .   (no shield)
rNeg     . . .     Faith    .   (armour unavailable)
rPois    .         Spirit   .   (helmet restricted)
rElec    .         Reflect  .   (no cloak)
rCorr    .         Harm     .   (no gloves)
MR       .....                  (no boots)
Stlth    +.........             f - amulet of regeneration
HPRegen  0.47/turn              (no ring)
MPRegen  0.09/turn              (no ring)

@: no status effects
A: unfitting armour, cold-blooded, AC +4
a: no special abilities


You were on level 2 of the Dungeon.
You were not hungry.

You visited 1 branch of the dungeon, and saw 2 of its levels.

You collected 54 gold pieces.

Inventory:

Hand Weapons
 d - a +0 hunting sling
 h - a +0 short sword of venom (weapon)
Missiles
 a - 12 arrows
 g - 28 stones (quivered)
Jewellery
 f - an amulet of regeneration (around neck)
Scrolls
 j - a scroll of fear {unknown}
 k - a scroll of remove curse {unknown}
 l - a scroll of amnesia {unknown}
Potions
 e - 2 potions of resistance {unknown}
 m - 2 potions of brilliance {unknown}
Books
 b - a book of Changes

   Spells                             Type                      Level
   a - Beastly Appendage              Transmutation                1
   b - Sticks to Snakes               Transmutation                2
   c - Spider Form                    Transmutation/Poison         3
   d - Ice Form                       Ice/Transmutation            4
   e - Blade Hands                    Transmutation                5
Comestibles
 c - a ration
 i - 4 chunks of flesh


   Skills:
 - Level 1.1 Fighting
 - Level 1.7 Dodging
 + Level 4.1 Unarmed Combat
 - Level 2.0 Spellcasting
 - Level 2.0 Transmutations


You had 4 spell levels left.
You knew the following spells:

 Your Spells              Type           Power        Failure   Level  Hunger
a - Beastly Appendage     Tmut           #.....       11%         1    ##.....


Dungeon Overview and Level Annotations

Branches:
Dungeon (2/15)

Altars:


Innate Abilities, Weirdness & Mutations

Your plain brown scales are hard. (AC +4)
You cannot fit into any form of body armour.
You are cold-blooded and may be slowed by cold attacks.


Message History

There are monsters nearby!
The orc priest mumbles some strange prayers to Beogh against you.
Beogh smites you!
Ouch! That really hurt!
An orc comes into view. It is wielding a trident.
You are too injured to fight recklessly!
You are too injured to fight recklessly!
You are too injured to fight recklessly!
Unknown command.
You hit the orc priest.
The orc priest is poisoned.
The orc priest is moderately wounded.
The orc warrior closely misses you. The orc priest hits you.
You hit the orc priest.
The orc priest looks as sick as possible!
You punch the orc priest.
The orc priest is severely wounded.
The orc priest barely misses you.
The orc warrior hits you from afar with a glaive!
Ouch! That really hurt!
You die...

########.#######.#.##########
.............................
#####.....##.#####.##########
#.....##.# #.# #....(##.# #.#
#.....##.# #.# #.....##.# #.#
#.....##.# #.# #.....<#@# #.#
#o# #o# #o# #.# #.. #.. ...


You could see an orc warrior, an orc priest and an orc.

Vanquished Creatures
  An ooze (D:1)
  A dart slug (D:1)
  A giant cockroach (D:1)
  3 goblins (D:1)
  3 hobgoblins
  4 bats (D:1)
  4 kobolds (D:1)
  2 rats (D:1)
19 creatures vanquished.

Notes
Turn   | Place    | Note
-------+----------+-------------------------------------------
     0 | D:1      | Mgcat the Draconian Transmuter began the quest for the Orb.
     0 | D:1      | Reached XP level 1. HP: 16/16 MP: 3/3
   273 | D:1      | Reached XP level 2. HP: 23/23 MP: 5/5
   687 | D:1      | Reached skill level 4 in Unarmed Combat
  1057 | D:2      | Noticed an orc warrior
  1061 | D:2      | Slain by an orc warrior

Skill      XL: |  1  2 |
---------------+-------+-----
Unarmed Combat | 4 |  4.1
Fighting       | |  1.1
Dodging        | |  1.7
Spellcasting   | |  2.0
Transmutations | |  2.0

Action                   || total
-------------------------++-------
Melee: Unarmed           ||    29
       Tailslap          ||     3
       Short sword       ||    20
       Punch             ||     1
Armor: Skin              ||    13
Dodge: Dodged            ||    27
